 Dungeon Crawl Stone Soup version 0.21.1-1-g345015fe64 (webtiles) character file.

2011 KamiKatze the Cleaver (level 9, 0/100 (103) HPs)
             Began as a Human Berserker on Feb 9, 2018.
             Was an Elder of Trog.
             Slain by a seven-headed hydra (3 damage)
             ... on level 6 of the Dungeon on Feb 11, 2018.
             The game lasted 00:25:16 (6001 turns).

KamiKatze the Cleaver (Human Berserker)             Turns: 6001, Time: 00:25:17

HP:   0/100 (103)   AC: 11    Str: 28      XL:     9   Next: 46%
MP:   0/9           EV: 11    Int:  8      God:    Trog [****..]
Gold: 316           SH:  0    Dex: 10 (12) Spells: 8/8 levels left

rFire    + . .     SeeInvis .   j - +0 morningstar
rCold    . . .     Gourm    .   (no shield)
rNeg     . . .     Faith    .   t - +0 chain mail
rPois    .         Spirit   +   (no helmet)
rElec    .         Reflect  .   (no cloak)
rCorr    .         Harm     .   (no gloves)
MR       ++...                  y - +0 pair of boots
Stlth    ..........             p - amulet of guardian spirit
HPRegen  1.26/turn              q - +2 ring of strength
MPRegen  0.11/turn              h - ring of protection from fire

@: berserking, regenerating, very quick
A: no striking features
a: Berserk, Trog's Hand, Brothers in Arms, Burn Spellbooks, Renounce Religion


You were on level 6 of the Dungeon.
You worshipped Trog.
Trog was greatly pleased with you.
You were very hungry.

You visited 1 branch of the dungeon, and saw 6 of its levels.

You collected 316 gold pieces.

Inventory:

Hand Weapons
 a - a +1 hand axe
 j - a +0 morningstar (weapon)
Missiles
 d - 12 javelins (quivered)
 i - 368 stones
 l - 21 poisoned needles
 s - 9 tomahawks
Armour
 t - a +0 chain mail (worn)
 y - a +0 pair of boots (worn)
Jewellery
 f - an uncursed ring of ice
 h - a ring of protection from fire (right hand)
 p - an amulet of guardian spirit (around neck)
 q - a +2 ring of strength (left hand)
 r - an uncursed ring of fire
Wands
 C - a wand of flame (24)
Scrolls
 g - 3 scrolls of enchant armour
 m - 2 scrolls of teleportation
 v - 3 scrolls of enchant weapon
 w - a scroll of remove curse
 A - a scroll of noise {unknown}
 D - a scroll of identify
Potions
 b - a potion of ambrosia
 e - 6 potions of curing
 k - a potion of flight {unknown}
 n - a potion of heal wounds {unknown}
 o - a potion of haste {unknown}
 u - 2 potions of magic {unknown}
 x - 2 potions of brilliance
 z - a potion of resistance
Comestibles
 c - 7 rations
 B - 6 chunks of flesh


   Skills:
 + Level 6.0 Fighting
 * Level 8.1 Axes
 + Level 5.6 Armour
 + Level 5.5 Dodging


You had 8 spell levels left.
You didn't know any spells.

Dungeon Overview and Level Annotations

Branches:
Dungeon (6/15)
 Temple: D:4-7

Altars:
Dithmenos
Gozag
Makhleb
Okawaru
Uskayaw
Yredelemnul


Message History

The seven-headed hydra closely misses you.
The seven-headed hydra bites you!
* * * LOW HITPOINT WARNING * * *
The seven-headed hydra bites you.
* * * LOW HITPOINT WARNING * * *
You puncture the seven-headed hydra!
The seven-headed hydra is heavily wounded.
The seven-headed hydra barely misses you.
The seven-headed hydra bites you but does no damage. x3
The seven-headed hydra bites you!
* * * LOW HITPOINT WARNING * * *
The seven-headed hydra bites you.
* * * LOW HITPOINT WARNING * * *
The seven-headed hydra closely misses you.
Unknown command.
You impale the seven-headed hydra!!
The seven-headed hydra is severely wounded.
The seven-headed hydra barely misses you.
The seven-headed hydra bites you.
You die...

#.##...........##.
#######...##
#.............##..
.P.≈≈##'###
####..####.....#.#
.P≈(≈;#.###
#..###......#≈#
...$?;#.#.#
#..........##≈#
.P.?≈;#≈#<.
......####.....#≈≈
...≈≈##≈#.#
####### ##...##.#
########≈##.#
##..#D.#
.P..≈##≈###.#
...#@#+ .≈≈)≈≈#.#
#.# #.###≈#
...((≈#.# #.# #.
#≈# .PP.≈≈#.# #.#
#. #≈## .P≈≈≈##.#
... ##.########≈##
.. ##....≈≈≈≈## ##
#.# ### ##########
# #.# #.. # #.#
#.# #


You could see a seven-headed hydra.

Vanquished Creatures
  An ice beast (D:5)
  A necrophage (D:5)
  3 ogres
  3 centaurs (D:6)
  7 big kobolds (D:4)
  2 crimson imps
  A quasit (D:6)
  A jelly (D:6)
  A hound (D:4)
  An orc priest (D:3)
  2 orc wizards
  A bullfrog skeleton (D:4)
  A centaur skeleton (D:5)
  3 iguanas
  5 worker ants
  A hound skeleton (D:4)
  10 gnolls
  7 adders
  2 oozes
  A worm (D:4)
  3 dart slugs
  9 leopard geckos
  18 orcs
  4 ball pythons
  13 bats
  5 giant cockroaches
  27 goblins
  25 hobgoblins
  6 jackals
  7 kobolds
  3 quokkas
  6 frilled lizards
  A leopard gecko zombie (D:5)
  7 rats
188 creatures vanquished.

Notes
Turn   | Place    | Note
-------+----------+-------------------------------------------
     0 | D:1      | KamiKatze the Human Berserker began the quest for the Orb.
     0 | D:1      | Reached XP level 1. HP: 18/18 MP: 1/1
    51 | D:1      | Reached XP level 2. HP: 24/24 MP: 2/2
   310 | D:1      | Reached XP level 3. HP: 20/29 MP: 3/3
   596 | D:1      | Reached ** piety under Trog
   873 | D:2      | Found an opulent altar of Gozag.
   975 | D:2      | Reached XP level 4. HP: 35/35 MP: 4/4
  1186 | D:2      | Reached skill level 4 in Axes
  1498 | D:2      | Reached XP level 5. HP: 41/41 MP: 5/5
  1829 | D:3      | Reached XP level 6. HP: 5/48 MP: 6/6
  2163 | D:3      | Found an iron altar of Okawaru.
  2257 | D:3      | Reached *** piety under Trog
  2828 | D:4      | Noticed an ogre
  2832 | D:4      | Killed an ogre
  2832 | D:4      | Reached skill level 5 in Axes
  2832 | D:4      | Reached XP level 7. HP: 54/54 MP: 7/7
  3665 | D:4      | Reached **** piety under Trog
  3900 | D:4      | Found a burning altar of Makhleb.
  4051 | D:4      | Reached skill level 6 in Axes
  4051 | D:4      | Reached XP level 8. HP: 61/61 MP: 8/8
  4064 | D:4      | Reached skill level 5 in Fighting
  4216 | D:5      | Entered Level 5 of the Dungeon
  4366 | D:5      | Reached skill level 7 in Axes
  4604 | D:5      | Reached XP level 9. HP: 63/66 MP: 9/9
  4700 | D:5      | Reached skill level 5 in Armour
  4769 | D:5      | Reached skill level 5 in Dodging
  5037 | D:5      | Found a basalt altar of Yredelemnul.
  5465 | D:6      | Found a hide-covered altar of Uskayaw.
  5659 | D:6      | Found a shadowy altar of Dithmenos.
  5860 | D:6      | Reached skill level 8 in Axes
  5989 | D:6      | Noticed a seven-headed hydra
  6000 | D:6      | HP: 2/100 [seven-headed hydra (7)]
  6001 | D:6      | Slain by a seven-headed hydra

Skill      XL: |  1  2  3  4  5  6  7  8  9 |
---------------+----------------------------+-----
Axes           | 4 5 6 7 8 |  8.1
Armour         | 3 4 5 |  5.6
Dodging        | 3 4 5 |  5.5
Fighting       | 4 5 6 |  6.0

Action                   |  1- 3 |  4- 6 |  7- 9 || total
-------------------------+-------+-------+-------++-------
Melee: Hand axe          |   124 |   243 |   440 ||   807
       Morningstar       |       |       |     7 ||     7
Throw: Javelin           |     3 |    13 |    12 ||    28
Invok: Berserk           |     1 |     3 |     5 ||     9
       Trog's Hand       |       |       |     2 ||     2
  Use: Scroll            |     5 |     6 |     4 ||    15
       Potion            |       |       |     1 ||     1
  Eat: Chunk             |       |     8 |    14 ||    22
       Ration            |       |     1 |       ||     1
Armor: Animal skin       |    11 |       |       ||    11
       Ring mail         |    48 |    41 |       ||    89
       Scale mail        |       |    39 |    20 ||    59
       Chain mail        |       |       |   234 ||   234
Dodge: Dodged            |    81 |   150 |   259 ||   490
